 Dungeon Crawl Stone Soup version 0.25-a0-460-g4f2eb97ec1 (webtiles) character file.

Game seed: 11603618579047065366, levelgen mode: deterministic

104 Nattfarinn the Sneak (level 5, -2/32 HPs)
             Began as a Kobold Assassin on Feb 3, 2020.
             Killed from afar by an orc wizard (10 damage)
             ... with a magic dart
             ... on level 2 of the Dungeon.
             The game lasted 00:04:30 (2247 turns).

Nattfarinn the Sneak (Kobold Assassin)              Turns: 2247, Time: 00:04:34

Health: -2/32      AC:  3    Str:  8    XL:     5   Next: 7%
Magic:  5/5        EV: 15    Int: 13    God:
Gold:   89         SH:  0    Dex: 17    Spells: 4/4 levels left

rFire    . . .     SeeInvis .   a - +2 dagger
rCold    . . .     Gourm    .   (shield restricted)
rNeg     . . .     Faith    .   b - +0 robe
rPois    .         Spirit   .   (no helmet)
rElec    .         Reflect  .   c - +0 cloak
rCorr    .         Harm     .   (no gloves)
MR       .....                  (no boots)
Stlth    ++++......             (no amulet)
HPRegen  0.10/turn              (no ring)
MPRegen  0.09/turn              (no ring)

@: no status effects
A: small, carnivore
a: no special abilities


You were on level 2 of the Dungeon.
You were very full.

You visited 1 branch of the dungeon, and saw 2 of its levels.

You collected 89 gold pieces.

Inventory:

Hand Weapons
 a - a +2 dagger (weapon)
 h - a +0 hand axe of electrocution
Armour
 b - a +0 robe (worn)
 c - a +0 cloak (worn)
Scrolls
 g - a scroll of enchant weapon {unknown}
 j - 4 scrolls of remove curse {unknown}
 l - a scroll of fear {unknown}
 o - 3 scrolls of teleportation {unknown}
 p - 3 scrolls of identify {unknown}
 r - a scroll of blinking {unknown}
Potions
 i - 2 potions of curing {unknown}
 m - a potion of berserk rage {unknown}
 n - a potion of flight {unknown}
 q - a potion of haste {unknown}
Comestibles
 f - 4 rations


   Skills:
 + Level 3.0 Fighting
 + Level 3.6 Short Blades
 - Level 2.1 Throwing
 + Level 2.6 Dodging
 * Level 6.7 Stealth


You had 4 spell levels left.
You didn't know any spells.
Your spell library was empty.

Dungeon Overview and Level Annotations

Branches:
Dungeon (2/15)

Altars:
Elyvilon
Kikubaaqudgha
Makhleb


Innate Abilities, Weirdness & Mutations

You are small and have problems with some larger weapons.
You are carnivorous and can eat meat at any time.


Message History

Aim: an orc wizard, wielding a +0 dagger and wearing a +0 robe You throw a poisoned dart.
The poisoned dart closely misses the orc wizard.
Throwing (i - inventory. (/) - cycle)
d - a poisoned dart (quivered)
Press: ? - help, Shift-Dir - straight line, f/p - orc wizard
Aim: an orc wizard, wielding a +0 dagger and wearing a +0 robe You throw a poisoned dart.
The poisoned dart hits the orc wizard.
The orc wizard is poisoned.
No previous command to re-do.
Throwing (i - inventory)
e - a curare-tipped dart (quivered)
Press: ? - help, Shift-Dir - straight line, f/p - orc wizard
Aim: an orc wizard, wielding a +0 dagger and wearing a +0 robe (lightly wounded, poisoned)
You throw a curare-tipped dart.
The curare-tipped dart hits the orc wizard.
The orc wizard looks even sicker.
The orc wizard convulses.
The orc wizard seems to slow down.
The orc wizard is moderately wounded.
The orc wizard points at you and mumbles some strange words.
The magic dart hits you!
You die...

#(....oo# ##.....## #
#.....### ##.......###
#(..##.####.........##
#(##.....+.........'.
#.....# #.........##
####o## #.......###
#.# ##.....## # #.#
##...##### ###@#
#......... #...#
#.#.#####. #.### #.#.#
#. #.#########.#.###
#. #...............#
#.
#.##..#####.....###.
#.##..# #.........
#.....# #.#.#####.
#.###.# #.........


You could see an orc wizard.

Vanquished Creatures
  An orc wizard (D:2)
  An adder (D:2)
  4 worms (D:2)
  3 dart slugs
  3 leopard geckos (D:1)
  An orc (D:2)
  5 bats (D:1)
  6 goblins
  6 hobgoblins
  2 jackals (D:1)
  2 quokkas (D:2)
  3 frilled lizards
  6 kobolds
  4 rats
47 creatures vanquished.

Notes
Turn   | Place    | Note
-------+----------+-------------------------------------------
     0 | D:1      | Nattfarinn the Kobold Assassin began the quest for the Orb.
     0 | D:1      | Reached XP level 1. HP: 12/12 MP: 1/1
   352 | D:1      | Reached XP level 2. HP: 18/18 MP: 2/2
   850 | D:1      | Reached XP level 3. HP: 22/22 MP: 3/3
  1003 | D:1      | Reached skill level 6 in Stealth
  1188 | D:2      | Found a white marble altar of Elyvilon.
  1210 | D:2      | Found a burning altar of Makhleb.
  1413 | D:2      | Reached XP level 4. HP: 27/27 MP: 4/4
  1916 | D:2      | Reached XP level 5. HP: 12/32 MP: 5/5
  2221 | D:2      | Found an ancient bone altar of Kikubaaqudgha.
  2247 | D:2      | Killed from afar by an orc wizard

Levels and vault maps discovered:
D:1:      lightli_arrival_flooded_house, layout_rooms, minivault_14
D:2:      layout_loops_corners, lemuel_round_altar, lemuel_crystal_altar,
          elyvilon_altar_1, first_ration, minmay_increasing_density

Skill      XL: |  1  2  3  4 |
---------------+-------------+-----
Short Blades   | 3 |  3.6
Stealth        | 6 |  6.7
Dodging        | 2 |  2.6
Fighting       | 3 |  3.0
Throwing       | |  2.1

Action                   |  1- 3 |  4- 6 || total
-------------------------+-------+-------++-------
Melee: Hand axe          |    33 |       ||    33
       Dagger            |    66 |    71 ||   137
Throw: Dart              |    14 |    18 ||    32
  Use: Potion            |       |     1 ||     1
 Stab: Sleeping          |     7 |     5 ||    12
       Distracted        |     1 |       ||     1
  Eat: Chunk             |    10 |     1 ||    11
Armor: Robe              |    23 |     3 ||    26
Dodge: Dodged            |    86 |    23 ||   109

Table legend:
 A = Non-vault XP
 B = Vault XP
 C = Vault XP percentage of total XP
 D = Non-vault monster count
 E = Vault monster count
 F = Vault count percentage of total count
                 A         B        C        D         E       F
            +---------+---------+-------+---------+---------+-------
      Total |     127 |      22 |  14.8 |      38 |       9 |  19.1
            +---------+---------+-------+---------+---------+-------
        D:1 |      45 |       0 |   0.0 |      21 |       0 |   0.0
        D:2 |      82 |      22 |  21.2 |      17 |       9 |  34.6
            +---------+---------+-------+---------+---------+-------
